 Dungeon Crawl Stone Soup version 0.18-a0-902-g8738618 (webtiles) character file.

1725 sugabear the Ducker (level 9, 0/46 HPs)
             Began as a Vine Stalker Gladiator on Dec 24, 2015.
             Slain by a hill giant
             ... wielding a +0 giant club
              (32 damage)
             ... on level 7 of the Dungeon.
             The game lasted 00:08:39 (4343 turns).

sugabear the Ducker (Vine Stalker Gladiator)        Turns: 4343, Time: 00:08:39

Health: 0/46       AC:  4    Str: 27    XL:     9   Next: 4%
Magic:  0/10       EV: 16    Int:  8    God:
Gold:   125        SH:  0    Dex: 18    Spells: 0 memorised, 8 levels left

rFire  . . .     SeeInvis .     A - +0 morningstar
rCold  . . .     Gourm    .     b - +0 leather armour
rNeg   . . .     Faith    .     (no shield)
rPois  .         Spirit   +     c - +0 helmet
rElec  .         Dismiss  .     (no cloak)
rCorr  .         Reflect  .     (no gloves)
SustAt .         Harm     .     (no boots)
MR     ++...     Rnd*Tele +     (no amulet)
Stlth  +++.......               B - +4 ring of strength
                                g - ring of protection from magic

@: mighty, very resistant to hostile enchantments, fairly stealthy
A: fangs 3, regeneration 2, teleportitis 1, magic shield, antimagic bite, no
device heal 3, rot immunity
a: no special abilities


You were on level 7 of the Dungeon.
You were not hungry.

You visited 1 branch of the dungeon, and saw 8 of its levels.

You collected 326 gold pieces.
You spent 201 gold pieces at shops.

Inventory:

Hand Weapons
 A - a +0 morningstar (weapon)
Missiles
 d - 3 throwing nets (quivered)
 w - 22 tomahawks
 y - 4 poisoned tomahawks
Armour
 b - a +0 leather armour (worn)
 c - a +0 helmet (worn)
Jewellery
 a - an uncursed amulet of the gourmand {unknown}
 g - a ring of protection from magic (left hand)
 n - an uncursed ring of flight
 p - an uncursed ring of wizardry
 B - a +4 ring of strength (right hand)
Scrolls
 e - 5 scrolls of remove curse {unknown}
 j - 4 scrolls of teleportation {unknown}
 k - 2 scrolls of magic mapping {unknown}
 l - 6 scrolls of identify {unknown}
 u - 2 scrolls of random uselessness {unknown}
 v - a scroll of recharging {unknown}
 z - a scroll of fear {unknown}
 C - 2 scrolls of blinking {unknown}
 D - 2 scrolls of summoning {unknown}
 F - a scroll of fog {unknown}
 H - a scroll of enchant weapon {unknown}
Potions
 h - 3 potions of curing
 i - 4 potions of heal wounds
 t - a potion of invisibility {unknown}
 x - a potion of mutation {unknown}
 E - a potion of resistance {unknown}
Comestibles
 f - 4 bread rations
 m - 4 meat rations
 o - 2 beef jerkies
 r - a royal jelly
 s - a slice of pizza


   Skills:
 + Level 4.7 Fighting
   Level 0.5 Short Blades
 + Level 5.1 Maces & Flails
 + Level 2.2 Throwing
 + Level 3.4 Armour
 + Level 6.1 Dodging
 + Level 3.8 Stealth


You had 8 spell levels left.
You didn't know any spells.

Dungeon Overview and Level Annotations

Branches:
Dungeon (8/15)
 Temple: D:4-7         Lair: D:8-11

Altars:
Fedhas
Okawaru
Qazlal
Yredelemnul

Shops:
D:5 :   D:6 *([

Annotations:
D:3 exclusion: oklob plant


Innate Abilities, Weirdness & Mutations

You have razor-sharp teeth.
You heal very quickly.
When hurt, damage is shared between your health and your magic reserves.
Your bite disrupts and absorbs the magic of your enemies.
Potions and wands cannot restore your health.
You are immune to rotting.
You are occasionally teleported next to monsters.


Message History

Drink which item? (? for menu, Esc to quit)
It was a potion of heal wounds.
That seemed strangely inert.
The hill giant hits you with a giant club!!
Drink which item? (? for menu, Esc to quit)
It was a potion of might.
You feel very mighty all of a sudden. The hill giant misses you.
You impale the hill giant!! Your bite misses the hill giant.
The hill giant is heavily wounded.
The hill giant misses you.
You puncture the hill giant! You bite the hill giant! You drain its power.
You feel invigorated.
The hill giant is almost dead.
The hill giant closely misses you.
You hit the hill giant. You bite the hill giant. You drain its power.
You feel invigorated.
The hill giant is almost dead.
The hill giant hits you with a giant club!!!
Ouch! That really hurt!
You die...

##### #.@.# #C###
#o#
###############o#
.S.S....oo.C...S#
#################


You could see a hill giant, an adder and 2 orcs.

Vanquished Creatures
  Sigmund (D:2)
  A human (D:2)
  2 sky beasts (D:5)
  3 ogres
  A wasp (D:8)
  A wyvern skeleton (D:6)
  2 scorpions (D:4)
  A hound (D:4)
  2 jellies
  A crimson imp (D:6)
  An iguana (D:8)
  A human zombie (D:2)
  2 giant frog skeletons
  3 orc wizards
  6 worker ants
  2 hound skeletons
  7 adders
  4 gnolls (D:4)
  2 shadow imps
  3 oozes
  An adder zombie (D:5)
  3 worms
  3 giant geckos
  12 orcs
  2 ball pythons
  2 giant cockroaches
  8 goblins
  7 hobgoblins
  8 jackals
  5 bats
  A giant gecko skeleton (D:4)
  4 giant newts
  9 kobolds
  2 quokkas
  A quokka skeleton (D:4)
  9 rats
123 creatures vanquished.

Notes
Turn   | Place    | Note
--------------------------------------------------------------
     0 | D:1      | sugabear the Vine Stalker Gladiator began the quest for the Orb.
     0 | D:1      | Reached XP level 1. HP: 11/11 MP: 2/2
    93 | D:1      | Reached XP level 2. HP: 12/15 MP: 3/3
   108 | D:1      | Reached skill level 3 in Maces & Flails
   155 | D:1      | Reached XP level 3. HP: 15/18 MP: 4/4
   745 | D:2      | Noticed Sigmund
   760 | D:2      | Killed Sigmund
   760 | D:2      | Reached skill level 1 in Armour
   760 | D:2      | Reached XP level 4. HP: 20/23 MP: 5/5
   760 | D:2      | Reached XP level 5. HP: 23/27 MP: 6/6
  1033 | D:2      | Found a runed door.
  1033 | D:2      | Found a basalt altar of Yredelemnul.
  1033 | D:2      | Noticed a human
  1054 | D:2      | Reached skill level 4 in Dodging
  1054 | D:2      | Gained mutation: You heal very quickly. [Vine Stalker growth]
  1054 | D:2      | Reached XP level 6. HP: 26/32 MP: 7/7
  1098 | D:2      | Killed a human
  1517 | D:3      | Reached XP level 7. HP: 33/36 MP: 8/8
  1636 | D:3      | Reached skill level 1 in Stealth
  1825 | D:3      | Found a blossoming altar of Fedhas.
  1838 | D:3      | Noticed an oklob plant
  2807 | D:4      | Reached skill level 5 in Dodging
  2917 | D:5      | Entered Level 5 of the Dungeon
  2920 | D:5      | Found a stormy altar of Qazlal.
  2956 | D:5      | Found Fapseops's Book Emporium.
  2976 | D:5      | Gained mutation: You have razor-sharp teeth. [Vine Stalker growth]
  2976 | D:5      | Reached XP level 8. HP: 21/42 MP: 7/9
  3088 | D:5      | Found an iron altar of Okawaru.
  3265 | D:5      | Gained mutation: You are occasionally teleported next to monsters. [mutagenic meat]
  3664 | D:6      | Found Vel Sief's Assorted Antiques.
  3677 | D:6      | Bought a green potion for 27 gold pieces
  3677 | D:6      | Bought a scroll labeled ESHAED KEUMEIC for 30 gold pieces
  3677 | D:6      | Bought a scroll labeled DESACIBIPU for 30 gold pieces
  3677 | D:6      | Bought a scroll labeled SENUAS OGUC for 30 gold pieces
  3677 | D:6      | Bought 2 green potions for 54 gold pieces
  3677 | D:6      | Bought a scroll labeled SENUAS OGUC for 30 gold pieces
  3941 | D:6      | Found Vaom's Weapon Emporium.
  4151 | D:6      | Reached skill level 6 in Dodging
  4156 | D:6      | Found Etwom's Armour Shop.
  4223 | D:6      | You fall through a shaft for 2 floors!
  4243 | D:8      | Reached skill level 5 in Maces & Flails
  4283 | D:8      | Reached XP level 9. HP: 41/46 MP: 8/10
  4297 | D:7      | Noticed a hill giant
  4343 | D:7      | Slain by a hill giant

Vault maps used:
D:1:      lightli_arrival_statuegarden, minmay_strange_pillars
D:2:      dk_yredelemnul_ordeal, uniq_sigmund
D:3:      nicolae_overflow_hidden_temple, tgw_fedhas, first_bread
D:5:      grunt_qazlal_clouds, serial_shops, shop_statue,
          okawaru_metal_pillars_1_2
D:6:      serial_shops, nicolae_shop_behind_doors, shop, shop_fountains,
          nicolae_shop_statue_plus, nicolae_shop_crystal
D:7:      hangedman_cross_stitches, gammafunk_temple_overflow_forgotten,
          temple_pool_b, serial_shops, shop, grunt_ogre_cave, kennysheep_potato,
          uniq_crazy_yiuf_cottage, uniq_pikel
D:8:      led_sif_pool, basic_altar, st_stairs_6, uniq_maurice, uniq_grum

Action                   |  1- 3 |  4- 6 |  7- 9 || total
-------------------------+-------+-------+-------++-------
Melee: Dagger            |    43 |     9 |       ||    52
       Flail             |    63 |    70 |    38 ||   171
       Morningstar       |       |       |   204 ||   204
Throw: Throwing net      |     3 |       |       ||     3
       Tomahawk          |       |       |     2 ||     2
  Use: Potion            |       |       |     3 ||     3
 Stab: Sleeping          |     1 |       |     8 ||     9
       Distracted        |       |     1 |     1 ||     2
  Eat: Chunk             |       |     2 |    11 ||    13
